Unix NetHack Version 3.7.0-53 Work-in-progress - last build Apr 18 2022 03:42:42 (02b85442fffe0e2954e411e09df771b56fe27bbc,branch:master). Game began 2022-04-19 10:02:08, ended 2022-04-19 11:11:46. Anerag, chaotic male human Monk ############### ####q@######### --.------------- # ###########)#########...............| . |..............| + ........<......| |...........*..| -.---------.---- ## # ## ## ## ## # # ###### - -------.-.---- |.........^....| +..............| |..............| ---------------- Anerag the Initiate St:16 Dx:13 Co:11 In:14 Wi:18 Ch:9 Chaotic Dlvl:8 $:0 HP:0(56) Pw:65(65) AC:-2 Exp:8 T:6523 Satiated Latest messages: What do you want to use or apply? [chlmtuwxR or ?*] You produce a strange whistling sound. You swap places with Eris. You see here a partly eaten yeti corpse. You hit the Woodland-elf! The Woodland-elf swings his runed bow. The Woodland-elf hits! You hit the Woodland-elf! The Woodland-elf swings his runed bow. The Woodland-elf hits! You kill the Woodland-elf! There is a partly eaten yeti corpse here; eat it? [ynq] (n) You consume the last bite of your meal. You finish eating the yeti corpse. There are several objects here. i - an elven leather helm. You swap places with Eris. You stop. Eris is in the way! You swap places with Eris. There are a few objects here. What do you want to use or apply? [chlmtuwxR or ?*] You produce a strange whistling sound. Eris appears next to you! What do you want to use or apply? [chlmtuwxR or ?*] You produce a strange whistling sound. Eris appears next to you! You swap places with Eris. There are a few objects here. Eris misses it. Eris misses it. Eris bites it. It misses Eris. It misses Eris. Eris bites it. Eris eats a mumak corpse. You swap places with Eris. The leocrotta hits! The leocrotta bites! The leocrotta hits! What do you want to zap? [cR or ?*] In what direction? The leocrotta hits! The leocrotta bites! The leocrotta misses! The leocrotta hits! The leocrotta bites! The leocrotta hits! You die... Do you want your possessions identified? [ynq] (y) Do you want to see your attributes? [ynq] (y) Major events: Turn 1: Anerag the chaotic male human Monk entered the dungeon 1158: attained the rank of Novice (level 3) 1463: entered the Gnomish Mines 2526: reached Mine Town 2787: attained the rank of Initiate (level 6) 3694: bestowed with Orcrist by Huan Ti 6523: killed by a leocrotta Inventory: Armor L - an uncursed +0 dwarvish iron helm (being worn) i - an uncursed +0 elven leather helm a - an uncursed +2 pair of leather gloves (being worn) Y - an uncursed +1 pair of low boots (being worn) b - a blessed greased +3 robe (being worn) Comestibles g - an uncursed food ration s - 2 uncursed food rations k - an uncursed tripe ration Scrolls e - an uncursed scroll of light d - an uncursed scroll of teleportation f - an uncursed scroll of teleportation Potions Q - 2 potions of holy water Rings B - an uncursed ring of protection from shape changers (on right hand) Wands c - an uncursed wand of secret door detection (0:13) R - an uncursed wand of slow monster (0:3) Tools l - a cursed brass lantern h - an uncursed can of grease (0:7) w - an uncursed magic whistle m - an uncursed skeleton key t - an uncursed towel x - a blessed +0 unicorn horn Gems/Stones Z - an uncursed chrysoberyl stone u - a blessed touchstone Anerag the Monk's attributes: Background: You were an Initiate, a level 8 male human Monk. You were chaotic, on a mission for Huan Ti who was opposed by Shan Lai Ching (lawful) and Chih Sung-tzu (neutral). You were in the Dungeons of Doom, on level 8. You entered the dungeon 6523 turns ago. You had 1934 experience points, 626 more were needed to attain level 9. Basics: You had 0 out of 56 hit points. You had all 65 energy points (spell power). Your armor class was -2. Your wallet was empty. Autopickup was on for '$' plus thrown. Final Characteristics: Your strength was 16 (limit:18/100). Your dexterity was 13 (limit:18). Your constitution was 11 (limit:18). Your intelligence was 14 (limit:18). Your wisdom was 18 (limit:18). Your charisma was 9 (limit:18). Final Status: You were satiated. You were unencumbered. You were empty handed. You had expert skill with martial arts. Final Attributes: You were piously aligned. You were sleep resistant. You were poison resistant. You saw invisible. You were telepathic. You were warned. You were stealthy. You were guarded. You were protected from shape changers. You were fast. You are dead. Miscellaneous: You disabled loading of bones levels. Total elapsed playing time was 1 hour, 9 minutes and 38 seconds. Vanquished creatures: a large mimic 3 small mimics an elf mummy a human mummy a lynx 2 leprechauns 7 orc-captains a mumak a giant spider a yeti a dog a housecat 2 dwarf leaders a blue jelly 3 white unicorns 2 dust vortices 5 apes 4 human zombies a Woodland-elf 2 soldier ants a bugbear a quasit a mountain nymph 2 Uruk-hai 6 orc shamans 2 rock moles a pony 2 yellow lights 4 gnome leaders a kobold mummy 2 ghouls 2 giant ants 2 floating eyes a kitten 6 dwarves a homunculus 13 hill orcs an orc zombie 2 iguanas an acid blob 2 hobbits 5 manes a yellow mold 3 green molds a red mold 22 gnomes a gnome zombie 3 geckos 5 jackals 2 foxes 8 goblins 3 sewer rats a grid bug 5 bats 8 lichens 3 kobold zombies 12 newts 178 creatures vanquished. No species were genocided or became extinct. Voluntary challenges: You never hit with a wielded weapon. You read items or engraved 14 times. You never engraved Elbereth. You never genocided any monsters. You never polymorphed an object. You never changed form. You used no wishes. Achievements: You attained the rank of Novice. You entered the Gnomish Mines. You entered Minetown. You attained the rank of Initiate. You entered a shop. The Dungeons of Doom: levels 1 to 8 Level 1: Level 2: Level 3: Level 4: A grave. Stairs down to The Gnomish Mines. Level 5: A general store. Level 6: "stash" Some fountains. Level 7: A wand shop. Level 8: <- You were here. Final resting place for you, killed by a leocrotta. The Gnomish Mines: levels 5 to 8 Level 5: Level 6: Level 7: "stash" An altar to Huan Ti. Level 8: Game over: ---------- / \ / REST \ / IN \ / PEACE \ / \ | Anerag | | 0 Au | | killed by a | | leocrotta | | | | | | 2022 | *| * * * | * _________)/\\_//(\/(/\)/\//\/|_)_______ Goodbye Anerag the Monk... You died in The Dungeons of Doom on dungeon level 8 with 8106 points, and 0 pieces of gold, after 6523 moves. You were level 8 with a maximum of 56 hit points when you died.